 Dungeon Crawl Stone Soup version 0.28.0-53-g5a82cb258f (webtiles) character file.

Game seed: 8137615438157389525

9 stburah the Shield-Bearer (level 2, 0/24 HPs)
             Began as a Formicid Fighter on July 9, 2022.
             Slain by a gnoll
             ... wielding a +0 spear
              (4 damage)
             ... on level 1 of the Dungeon.
             The game lasted 00:02:09 (186 turns).

stburah the Shield-Bearer (Formicid Fighter)         Turns: 186, Time: 00:02:09

Health: 0/24       AC:  6    Str: 20    XL:     2   Next: 20%
Magic:  2/2        EV:  9    Int:  7    God:
Gold:   0          SH:  4    Dex: 10    Spells: 1/1 levels left

rFire   . . .      SeeInvis +   a - +0 war axe
rCold   . . .      Faith    .   c - +0 buckler
rNeg    . . .      Spirit   .   b - +0 scale mail
rPois   .          Reflect  .   (helmet unavailable)
rElec   .          Harm     .   (no cloak)
rCorr   .          Rampage  .   (no gloves)
Will    .....                   (no boots)
Stlth   ..........              (no amulet)
HPRegen 0.08/turn               (no ring)
MPRegen 0.08/turn               (no ring)

@: no status effects
A: permanent stasis, dig shafts and tunnels, antennae 3, four strong arms
a: Dig, Shaft Self


You were on level 1 of the Dungeon.
You visited 1 branch of the dungeon, and saw 1 of its levels.

Inventory:

Hand Weapons
 a - a +0 war axe (weapon)
Armour
 b - a +0 scale mail (worn)
 c - a +0 buckler (worn)
Scrolls
 e - a scroll of identify {unknown}
 f - a scroll of teleportation {unknown}
 g - a scroll of enchant armour {unknown}
Potions
 d - a potion of might


   Skills:
 + Level 3.4 Fighting
 + Level 2.0 Axes
 + Level 3.5 Armour
 + Level 4.0 Shields


You had one spell level left.
You didn't know any spells.
Your spell library was empty.

Dungeon Overview and Level Annotations

Branches:
Dungeon (1/15)

Altars:


Innate Abilities, Weirdness & Mutations

You cannot be hasted, slowed, berserked, paralysed or teleported.
You can dig through walls and to a lower floor.
You have a pair of large antennae on your head. (SInv)
Your four strong arms can wield two-handed weapons with a shield.


Message History

The jackal bites you but does no damage. x2
The jackal bites you.
* * * LOW HITPOINT WARNING * * *
You have reached level 2!
You miss the jackal. You completely miss the jackal.
You block the jackal's attack.
The jackal bites you but does no damage.
The jackal bites you.
* * * LOW HITPOINT WARNING * * *
The jackal barely misses you.
You slash the jackal!
You kill the jackal!
You closely miss the jackal.
The jackal bites you but does no damage.
You block the jackal's attack.
You closely miss the jackal. The jackal bites you.
* * * LOW HITPOINT WARNING * * *
The jackal bites you but does no damage.
You closely miss the jackal. The jackal closely misses you.
The jackal bites you but does no damage.
You barely miss the jackal.
The jackal bites you but does no damage. x2
You barely miss the jackal.
The jackal bites you but does no damage.
The jackal misses you.
You hit the jackal.
You kill the jackal!
Your Shields skill increases to level 4!
You see here a jackal corpse.
You see here a jackal corpse.
You open the door.
There is an open door here.
A gnoll comes into view. It is wielding a +0 spear.
The gnoll shouts!
The gnoll moves out of view.
A giant cockroach comes into view.
The giant cockroach moves out of view.
A quokka comes into view.
The gnoll hits you with a +0 spear.
You die...

... ###### #####.. ..
...... #...... .....
...... #...... .....
......
....r..####.............
....B...................
......g................
#@....#.#......#
#.....#.#......###
#.....#.###...##..
##....#>..........
#.......#...†##..
#.......'....'...
#.......#...†##..
#.......#....##..
#....####..^.##..


You could see a gnoll, a quokka and a giant cockroach.

Vanquished Creatures
  A ball python (D:1)
  An endoplasm (D:1)
  A goblin (D:1)
  3 jackals (D:1)
  A frilled lizard (D:1)
7 creatures vanquished.

Vanquished Creatures (others)
  2 plants (D:1)
2 creatures vanquished.

Grand Total: 9 creatures vanquished

Notes
Turn   | Place    | Note
-------+----------+-------------------------------------------
     0 | D:1      | stburah the Formicid Fighter began the quest for the Orb.
     0 | D:1      | Reached XP level 1. HP: 18/18 MP: 1/1
   161 | D:1      | Reached XP level 2. HP: 4/24 MP: 2/2
   168 | D:1      | Reached skill level 4 in Shields
   186 | D:1      | Slain by a gnoll

Illustrated notes

Levels and vault maps discovered:
D:1:      tarquinn_simple_flora_water_a, layout_basic

Skill      XL: |  1  2 |
---------------+-------+-----
Shields        | 4 |  4.0
Fighting       | |  3.4
Axes           | |  2.0
Armour         | |  3.5

Action                   || total
-------------------------++-------
Melee: War axe           ||    26
 Abil: Dig               ||     1
Armor: Scale mail        ||    22
Dodge: Dodged            ||    16
Block: Buckler           ||     7
